 Dungeon Crawl Stone Soup version 0.31-a0-214-gb37851dbb3 (webtiles) character file.

Game seed: 11559177341159833485

235 qw the Shooter (level 5, 0/47 HPs)
             Began as a Minotaur Hexslinger on July 1, 2023.
             Slain by an adder (2 damage)
             ... on level 3 of the Dungeon.
             The game lasted 00:00:55 (2319 turns).

qw the Shooter (Minotaur Hexslinger)                Turns: 2319, Time: 00:00:55

Health: 0/47       AC:  8    Str: 13    XL:     5   Next: 76%
Magic:  5/5        EV: 11    Int: 10    God:
Gold:   163        SH:  0    Dex: 14    Spells: 5/6 levels left

rFire   . . .        Y - +1 sling
rCold   . . .        (no shield)
rNeg    . . .        a - +0 ring mail
rPois   .            g - +2 hat
rElec   .            c - +0 cloak
rCorr   +            (no gloves)
SInv    .            (no boots)
Will    .....        (no amulet)
Stlth   +            h - ring of resist corrosion
HPRegen 0.27/turn    (no ring)
MPRegen 0.09/turn

%: no passive effects
@: no status effects
A: horns 2, retaliatory headbutt
a: no special abilities


You were on level 3 of the Dungeon.
You visited 1 branch of the dungeon, and saw 4 of its levels.

You collected 163 gold pieces.


Innate Abilities, Weirdness & Mutations

You have a pair of horns on your head.
You reflexively headbutt those who attack you in melee.


   Skills:
 - Level 4.3 Fighting
 + Level 5.2 Ranged Weapons
 - Level 1.1 Armour
 - Level 2.1 Dodging
 - Level 1.0 Spellcasting
 - Level 2.0 Hexes


You had 5 spell levels left.
You knew the following spells:

 Your Spells              Type           Power      Damage    Failure   Level
a - Slow                  Hex            16%        N/A       32%         1

Your spell library contained the following spells:

 Spells                   Type           Power      Damage    Failure   Level
 Inner Flame              Hex/Fire       2%         N/A       82%         3
 Portal Projectile        Hex/Tloc       4%         N/A       82%         3
 Cause Fear               Hex            2%         N/A       97%         4

Inventory:

Hand Weapons
 Y - a +1 sling (weapon)
Armour
 a - a +0 ring mail (worn)
 c - a +0 cloak (worn)
 g - a +2 hat (worn)
Jewellery
 h - a ring of resist corrosion (left hand)
Scrolls
 l - a scroll of identify
Potions
 d - 2 potions of curing
 e - a potion of might
 i - a potion of lignification {unknown}
 m - a potion of enlightenment {unknown}

Dungeon Overview and Level Annotations

Branches:
Dungeon (4/15)
 Temple: D:4-7

Altars:
Hepliaklqana


Message History

The gnoll hits you from afar with a +0 halberd.
The ogre closely misses you.
You climb upwards.
There is a stone staircase leading down here.
You shoot a sling bullet. The sling bullet hits the ogre.
The ogre is moderately wounded.
The adder bites you but does no damage.
You shoot a sling bullet. The sling bullet hits the ogre.
The ogre is heavily wounded.
The adder misses you.
The ogre hits you with a +0 giant club!!
Ouch! That really hurt!
The adder bites you but does no damage.
You shoot a sling bullet. The sling bullet hits the ogre.
The ogre is heavily wounded.
The adder bites you but does no damage. The ogre misses you.
You furiously retaliate!
You headbutt the ogre. The adder bites you but does no damage.
You shoot a sling bullet. The sling bullet hits the ogre.
The ogre is severely wounded.
The adder bites you but does no damage. The ogre misses you.
You furiously retaliate!
You headbutt the ogre!
You kill the ogre!
The adder bites you but does no damage.
Your Fighting skill gained 2 levels and is now at level 4!
You shoot a sling bullet.
The sling bullet barely misses the adder.
The adder barely misses you.
You shoot a sling bullet.
The sling bullet closely misses the adder.
The adder barely misses you. The adder bites you.
You shoot a sling bullet. The sling bullet misses the adder.
The adder bites you but does no damage.
You shoot a sling bullet.
The sling bullet barely misses the adder.
The adder bites you but does no damage. The adder bites you.
You shoot a sling bullet.
The sling bullet closely misses the adder.
The adder bites you.
You die...

### ###### ..#
#....#########
..######....#..S....####
................@......#
+#.#.#.#........)......#
#.....#.#..............#
.#...............#'#...#
#..................#...##
.#.................[....#
#............##.........#
.#...#.#.#...##.........#
#.#.#.#.#..............##


You could see an adder.

Vanquished Creatures
  An ogre (D:3)
  Jessica (D:3)
  3 adders
  3 gnolls
  4 dart slugs
  3 endoplasms (D:2)
  2 giant cockroaches
  5 goblins (D:2)
  8 hobgoblins
  2 jackals (D:1)
  5 quokkas
  4 ball pythons
  3 bats
  3 frilled lizards
  10 kobolds
  5 rats
62 creatures vanquished.

Notes
Turn   | Place    | Note
-------+----------+-------------------------------------------
     0 | D:1      | qw the Minotaur Hexslinger began the quest for the Orb.
     0 | D:1      | Reached XP level 1. HP: 16/16 MP: 1/1
     0 | D:1      | 0 ||| qw: Version: 0.3-a-32-g5962c71
     0 | D:1      | 0 ||| qw: Game counter: 7601
     0 | D:1      | 0 ||| qw: Melee chars always use a shield: true
     0 | D:1      | 0 ||| qw: God list: Okawaru
     0 | D:1      | 0 ||| qw: Allow faded altars: false
     0 | D:1      | 0 ||| qw: Do Orc after clearing Dungeon:15 true
     0 | D:1      | 0 ||| qw: Do second Lair branch before Depths: true
     0 | D:1      | 0 ||| qw: Lair rune preference: random
     0 | D:1      | 0 ||| qw: Goals: Normal
     0 | D:1      | 0 ||| PLANNING D:1-11
    91 | D:1      | Reached skill level 3 in Ranged Weapons
    95 | D:1      | Found a faded altar of an unknown god.
   180 | D:1      | Reached XP level 2. HP: 22/23 MP: 2/2
   328 | D:1      | 328 ||| FLEEEEING.
   451 | D:1      | 451 ||| UPGRADING to +0 leather armour.
   461 | D:1      | 461 ||| DROPPING +0 robe.
   462 | D:1      | 462 ||| UPGRADING to +2 hat.
   467 | D:1      | 467 ||| READING scroll labelled JUKHAH ZIRO.
   468 | D:1      | 468 ||| DROPPING scroll of poison.
   524 | D:2      | Reached XP level 3. HP: 16/29 MP: 3/3
   638 | D:2      | Found a hazy altar of Hepliaklqana.
   647 | D:2      | Reached skill level 4 in Ranged Weapons
   820 | D:2      | Reached XP level 4. HP: 14/36 MP: 4/4
   834 | D:2      | 834 ||| FLEEEEING.
   921 | D:2      | Identified the +4 scale mail "Voxkat" {*Slow +Inv rC++
                  | Will+}
  1156 | D:2      | 1156 ||| FLEEEEING.
  1310 | D:2      | 1310 ||| UPGRADING to +0 ring mail.
  1320 | D:2      | 1320 ||| UPGRADING to +0 cloak.
  1325 | D:2      | 1325 ||| DROPPING +0 leather armour.
  1326 | D:2      | 1326 ||| UPGRADING to ring of resist corrosion.
  1327 | D:2      | 1327 ||| READING scroll labelled UMAENE NOVOA.
  1328 | D:2      | 1328 ||| DRINKING 3 lumpy amethyst potions.
  1494 | D:3      | Reached skill level 1 in Armour
  1604 | D:3      | Noticed Jessica
  1615 | D:3      | Killed Jessica
  1616 | D:3      | Reached skill level 5 in Ranged Weapons
  1700 | D:3      | Identified the +5 dagger "Embalmer" {protect, rElec Str+3
                  | SInv Stlth+}
  2155 | D:3      | 2155 ||| READING scroll labelled CUUNORH KULLA.
  2160 | D:3      | 2160 ||| READING scroll labelled BYIVVOCRUESI.
  2161 | D:3      | 2161 ||| READING scroll labelled AHI KATOGAEPS.
  2162 | D:3      | 2162 ||| DRINKING 2 fizzy black potions.
  2163 | D:3      | 2163 ||| DRINKING 2 fuming orange potions.
  2164 | D:3      | 2164 ||| DROPPING potion of attraction.
  2175 | D:4      | Noticed an ogre
  2179 | D:4      | 2179 ||| STAIRDANCE
  2180 | D:4      | Reached XP level 5. HP: 15/42 MP: 5/5
  2181 | D:3      | HP: 8/42 [gnoll/+0 spear (7)]
  2309 | D:4      | 2309 ||| STAIRDANCE
  2312 | D:3      | HP: 3/42 [ogre/+0 giant club (26)]
  2314 | D:3      | Killed an ogre
  2318 | D:3      | HP: 2/47 [adder (3)]
  2319 | D:3      | Slain by an adder

Levels and vault maps discovered:
D:1:      reono_arrival_forest_river, layout_rooms, basic_ecumenical_altar
D:2:      kennysheep_six_static_rooms, layout_basic, basic_altar
D:3:      layout_basic, uniq_jessica
D:4:      layout_loops_cross, mainiacjoe_overflow_big_doors,
          minmay_temple_entry_statues, gammafunk_ghost_mausoleum, uniq_robin,
          uniq_sigmund

Skill      XL: |  1  2  3  4  5 |
---------------+----------------+-----
Ranged Weapons | 3 4 5 |  5.2
Fighting       | 2 4 |  4.3
Armour         | 1 |  1.1
Dodging        | |  2.1
Spellcasting   | |  1.0
Hexes          | |  2.0

Action                     |  1- 3 |  4- 6 || total
---------------------------+-------+-------++-------
   Fire: Sling             |   108 |    80 ||   188
    Use: Scroll            |     1 |     4 ||     5
         Potion            |       |     3 ||     3
 Armour: Robe              |     2 |       ||     2
         Leather armour    |     7 |     7 ||    14
         Ring mail         |       |    18 ||    18
  Dodge: Dodged            |    28 |    41 ||    69

Table legend:
 A = Non-vault XP
 B = Vault XP
 C = Vault XP percentage of total XP
 D = Non-vault monster count
 E = Vault monster count
 F = Vault count percentage of total count
                 A         B        C        D         E       F
            +---------+---------+-------+---------+---------+-------
      Total |     276 |      61 |  18.1 |      55 |       7 |  11.3
            +---------+---------+-------+---------+---------+-------
        D:1 |      32 |       0 |   0.0 |      18 |       0 |   0.0
        D:2 |      69 |      24 |  25.8 |      23 |       6 |  20.7
        D:3 |     161 |      37 |  18.7 |      13 |       1 |   7.1
        D:4 |      14 |       0 |   0.0 |       1 |       0 |   0.0
            +---------+---------+-------+---------+---------+-------
